 Dungeon Crawl Stone Soup version 0.32-a0-799-g95e1662365 (webtiles) character file.

Game seed: 16292636694010960194

2865 garrulousMonolith the Geomancer (level 9, 0/54 HPs)
             Began as a Gargoyle Earth Elementalist on Mar 22, 2024.
             Was a Follower of Sif Muna.
             Slain by Maurice
             ... wielding a +2 dagger of distortion
              (7 damage)
             ... on level 7 of the Dungeon.
             The game lasted 00:10:17 (6237 turns).

garrulousMonolith the Geomancer (GrEE)              Turns: 6237, Time: 00:10:17

Health: 0/54       AC: 10    Str: 19    XL:     9   Next: 75%
Magic:  0/16       EV: 10    Int: 19    God:    Sif Muna [*.....]
Gold:   413        SH:  0    Dex: 10    Spells: 6/17 levels left

rFire   . . .        n - +8 trident of Unpleasantness {flame, rN+}
rCold   . . .        (no shield)
rNeg    + + .        f - +0 leather armour
rPois   ∞            (no helmet)
rElec   +            (no cloak)
rCorr   .            (no gloves)
SInv    .            (no boots)
Will    .....        h - amulet of regeneration
Stlth   ++           c - +6 ring of strength
HPRegen 1.09/turn    w - ring of flight
MPRegen 0.15/turn

%: no passive effects
@: flying, very slightly contaminated, invisible
A: sickness immunity, AC +6, negative energy resistance 1, electricity
resistance, torment resistance 1, petrification resistance
a: Renounce Religion, Channel Magic


You were on level 7 of the Dungeon.
You worshipped Sif Muna.
Sif Muna was aware of your devotion.
You visited 2 branches of the dungeon, and saw 8 of its levels.

You collected 483 gold pieces.
You spent 70 gold pieces at shops.

Inventory:

Hand Weapons
 n - the +8 trident of Unpleasantness (weapon) {flame, rN+}
   (You found it on level 3 of the Dungeon)

   rN+:       It protects you from negative energy.
Missiles
 d - a curare-tipped dart
 k - a poisoned dart
Armour
 f - a +0 leather armour (worn)
 s - a +0 tower shield
Jewellery
 c - a +6 ring of strength (left hand)
 h - an amulet of regeneration (around neck)
 w - a ring of flight (right hand)
Wands
 a - a wand of roots (4)
 b - a wand of flame (12)
 u - a wand of digging (4)
 z - a wand of charming (6)
Scrolls
 e - a scroll of revelation
 g - a scroll of blinking
 i - a scroll of poison
 m - 2 scrolls of noise
 v - a scroll of teleportation
 x - 2 scrolls of enchant weapon
 y - 2 scrolls of amnesia
Potions
 j - 4 potions of attraction
 l - a potion of lignification {unknown}
 o - a potion of mutation {unknown}
 p - a potion of degeneration {unknown}
 r - a potion of heal wounds {unknown}


   Skills:
 + Level 5.1 Fighting
 + Level 5.2 Armour
 - Level 1.5 Dodging
 - Level 2.1 Stealth
 + Level 4.7 Spellcasting
 * Level 7.4 Conjurations
 * Level 8.9 Earth Magic
 + Level 3.0 Invocations


You had 6 spell levels left.
You knew the following spells:

 Your Spells              Type           Power      Damage    Failure   Level
a - Sandblast             Erth           76%        2d16      1%          1
b - Stone Arrow           Conj/Erth      70%        3d11      1%          3
c - Passwall              Erth           38%        N/A       1%          3
d - Brom's Barrelling Bo  Conj/Erth      35%        2d5       4%          4

Your spell library contained the following spells:

 Spells                   Type           Power      Damage    Failure   Level
 Petrify                  Alch/Erth      21%        N/A       22%         4


Dungeon Overview and Level Annotations

Branches:
Dungeon (7/15)             Temple (1/1) D:5

Altars:
Cheibriados
Elyvilon
Fedhas
Gozag
Makhleb
Nemelex Xobeh
Qazlal
Sif Muna
Uskayaw
Wu Jian
Xom
Zin
The Shining One

Shops:
D:2 [(:?(   D:3 (   D:5 (*

Annotations:
D:7 Maurice


Innate Abilities, Weirdness & Mutations

You are immune to sickness and miasma.
Your stone body is resilient. (AC +6)
You are immune to poison.
You resist negative energy. (rN+)
You are resistant to electric shocks. (rElec)
You are resistant to unholy torment.
You are immune to petrification.


Message History

You are very lightly contaminated with residual magic.
Nothing appears to happen.
Your boulder slams into a wall and explodes!
You hear a zap.
Something tries to affect you, but you resist.
Casting: Stone Arrow (safe; 1% risk of failure)
Confirm with . or Enter, or press ? or * to list all spells.
Aiming: Stone Arrow (safe; 1% risk of failure)
Press: ? - help, Shift-Dir - straight line The stone arrow hits something!
You hear a zap.
Something tries to affect you, but you resist.
Casting: Stone Arrow (safe; 1% risk of failure)
Confirm with . or Enter, or press ? or * to list all spells.
You don't have enough magic to cast this spell.
Something hits you but does no damage. Space warps around you.
Something bites you.
You feel your power leaking away. Something drains your magic.
You see here a +0 short sword.
Okay, then.
You closely miss something. Something hits you but does no damage.
Space warps horribly around you!! Something bites you but does no damage.
You closely miss something. Something hits you.
Something steals 3 of your 4 poisoned darts!
Space warps around you. Something bites you.
* * * LOW HITPOINT WARNING * * *
You feel your power leaking away. Something drains your magic.
Something hits you.
* * * LOW HITPOINT WARNING * * *
Something steals your +1 sling!
Space warps around you.
* * * LOW HITPOINT WARNING * * *
Something bites you but does no damage.
You miss something.
You hear a zap.
Something tries to affect you, but you resist.
It was a potion of invisibility.
You fade into invisibility!
Something hits you but does no damage. Space warps around you!
You die...

#.......#####......###..≈.≈
###...### #......# #.#≈.≈
###([# #.####.# #..≈.≈ ##)#
#.# .# #..≈.≈ #)# #.#
#.#≈.≈ #.### #.# # #..≈.≈
#######...####.## .# #..≈.≈
......[..†......###.#
#P#≈.≈
#######...[@....'...#
#..≈.≈ #.#)){[...#.#.#
####.# #.#<#...<...# # #.#
#.#.####....# #..
#!#......##.## ##.
#.#########..######### #.#
##..%....#.. #. #.........#
#..).....##


There were no monsters in sight!

Vanquished Creatures
  Pikel (D:4)
  Grinder (D:6)
  Prince Ribbit (D:6)
  Sigmund (D:2)
  Menkaure (D:4)
  2 orc warriors
  A sky beast (D:7)
  A black bear (D:6)
  A lemure (D:4)
  A phantom (D:5)
  A kobold brigand (D:6)
  Blork the orc (D:5)
  5 scorpions
  2 bullfrogs (D:7)
  2 howler monkeys
  A bombardier beetle (D:6)
  A jelly (D:6)
  4 hounds
  2 orc priests (D:7)
  3 iguanas
  2 orc wizards (D:7)
  2 sleepcaps
  Natasha (D:2)
  5 adders
  A white imp (D:6)
  2 ufetubi (D:7)
  3 dart slugs
  2 ribbon worms
  22 orcs
  3 endoplasms
  4 giant cockroaches
  5 goblins
  10 hobgoblins
  11 jackals
  8 kobolds
  7 quokkas
  5 ball pythons
  3 bats
  2 frilled lizards
  7 rats
138 creatures vanquished.

Notes
Turn   | Place    | Note
-------+----------+-------------------------------------------
     0 | D:1      | garrulousMonolith the Gargoyle Earth Elementalist began the
                  | quest for the Orb.
     0 | D:1      | Reached XP level 1. HP: 10/10 MP: 3/3
   160 | D:1      | Reached XP level 2. HP: 16/16 MP: 3/5
   638 | D:1      | Reached skill level 1 in Fighting
   638 | D:1      | Reached XP level 3. HP: 20/20 MP: 4/6
   642 | D:1      | Learned a level 3 spell: Stone Arrow
   669 | D:1      | Reached skill level 4 in Earth Magic
   794 | D:1      | Found a faded altar of an unknown god.
  1170 | D:2      | Reached skill level 1 in Armour
  1401 | D:2      | Found Luruoluemp's Weapon Shoppe.
  1487 | D:2      | Noticed Sigmund
  1501 | D:2      | Killed Sigmund
  1502 | D:2      | Reached skill level 5 in Earth Magic
  1502 | D:2      | Reached XP level 4. HP: 26/26 MP: 2/8
  1502 | D:2      | Reached XP level 5. HP: 30/30 MP: 2/9
  1502 | D:2      | Reached XP level 6. HP: 35/35 MP: 2/10
  1667 | D:2      | Learned a level 3 spell: Passwall
  1668 | D:2      | Found Moures's Book Boutique.
  1671 | D:2      | Found Zunapa's Magic Scroll Boutique.
  1681 | D:2      | Bought a scroll of teleportation for 42 gold pieces
  1681 | D:2      | Bought a scroll of identify for 28 gold pieces
  1777 | D:2      | Found Zanenub's Weapon Shop.
  1792 | D:2      | Found Mewesees's Antique Armour Shop.
  1822 | D:2      | Noticed Natasha
  1826 | D:2      | Killed Natasha
  2168 | D:3      | Identified the +5 hand axe of the Tooth {antimagic, rN++
                  | Int+3}
  2202 | D:3      | Identified the +8 trident of Unpleasantness {flame, rN+}
  2336 | D:3      | Found Qoilury's Weapon Shoppe.
  3014 | D:4      | Noticed Menkaure
  3020 | D:4      | Killed Menkaure
  3021 | D:4      | Reached XP level 7. HP: 40/40 MP: 7/11
  3054 | D:4      | Noticed Pikel
  3067 | D:4      | Killed Pikel
  3068 | D:4      | Reached skill level 5 in Conjurations
  3068 | D:4      | Reached skill level 6 in Earth Magic
  3068 | D:4      | Reached XP level 8. HP: 24/46 MP: 7/13
  3710 | D:4      | Reached skill level 7 in Earth Magic
  4234 | D:5      | Entered Level 5 of the Dungeon
  4289 | D:5      | Found an opulent altar of Gozag.
  4293 | D:5      | Found Gozag's Platinum Reserve.
  4327 | D:5      | Found Teliyxt's Antique Weapon Emporium.
  4429 | D:5      | Found a staircase to the Ecumenical Temple.
  4435 | Temple   | Entered the Ecumenical Temple
  4480 | Temple   | Became a worshipper of Sif Muna the Loreminder
  4906 | D:5      | Noticed Blork the orc
  4910 | D:5      | Killed Blork the orc
  4911 | D:5      | Reached skill level 1 in Invocations
  5276 | D:6      | Reached XP level 9. HP: 52/52 MP: 13/15
  5281 | D:6      | Learned a level 4 spell: Brom's Barrelling Boulder
  5314 | D:6      | Reached skill level 8 in Earth Magic
  5315 | D:6      | Noticed Grinder
  5323 | D:6      | Killed Grinder
  5763 | D:6      | Noticed Prince Ribbit
  5768 | D:6      | Killed Prince Ribbit
  5786 | D:6      | Reached * piety under Sif Muna
  5861 | D:7      | Reached skill level 5 in Armour
  5974 | D:7      | Reached skill level 5 in Fighting
  6136 | D:7      | Found a white marble altar of Elyvilon.
  6158 | D:7      | Found a blossoming altar of Fedhas.
  6225 | D:7      | Noticed Maurice
  6235 | D:7      | Something stole 4 poisoned darts
  6235 | D:7      | Something stole a +1 sling
  6237 | D:7      | Slain by Maurice

Illustrated notes

Levels and vault maps discovered:
D:1:      dpeg_arrival_radiant, layout_basic, chequers_ecumenical_altar_island
D:2:      layout_basic, serial_shops, nicolae_shop_bloodbath_and_beyond, shop,
          shop, shop, nicolae_shop_stone, uniq_sigmund, uniq_natasha
D:3:      layout_loops_ring, serial_shops, shop, minmay_bisected
D:4:      layout_gridville, gup_sewer_entry_bowl, grunt_ministairs_1,
          uniq_menkaure, uniq_pikel
D:5:      layout_loops_cross, nicolae_gozag_zags_fifth_avenue,
          minmay_temple_entry_hall, serial_shops, shop_fountains,
          uniq_blork_the_orc
D:6:      layout_rooms, uniq_prince_ribbit1, uniq_grinder
D:7:      layout_basic, gammafunk_temple_of_torment, fedhas_altar_1,
          nicolae_elyvilon_temple_path, uniq_maurice
Temple:   cyrus_temple_forest

Skill      XL: |  1  2  3  4  5  6  7  8  9 |
---------------+----------------------------+-----
Fighting       | 1 2 3 4 5 |  5.1
Earth Magic    | 5 6 7 8 |  8.9
Conjurations   | 3 4 5 6 7 |  7.4
Armour         | 2 3 4 5 |  5.2
Spellcasting   | 3 4 |  4.7
Invocations    | 1 3 |  3.0
Dodging        | |  1.5
Stealth        | |  2.1

Action                     |  1- 3 |  4- 6 |  7- 9 || total
---------------------------+-------+-------+-------++-------
  Melee: Short sword       |    18 |     1 |       ||    19
         Trident           |       |     2 |    35 ||    37
   Cast: Sandblast         |    66 |    37 |   133 ||   236
         Stone Arrow       |       |       |    12 ||    12
         Brom's Barrelling |       |       |     1 ||     1
  Evoke: Wand              |       |       |     1 ||     1
    Use: Potion            |     1 |       |     2 ||     3
         Scroll            |       |     5 |     7 ||    12
 Armour: Robe              |    16 |       |       ||    16
         Leather armour    |    15 |     4 |   117 ||   136
  Dodge: Dodged            |    30 |     9 |    64 ||   103

Table legend: (Time is in decaauts)
 A = Elapsed time spent in this place.
 B = Non-inter-level travel time spent in this place.
 C = Inter-level travel time spent in this place.
 D = Time resting spent in this place.
 E = Time spent auto-exploring this place.
 F = Levels seen in this place.
 G = Mean time per level.
                   A        B        C        D        E       F      G
               +--------+--------+--------+--------+--------+-----+--------+
         Total |   6376 |   6207 |    169 |    818 |   4386 |   8 |  797.0 |
       Dungeon |   6302 |   6161 |    141 |    818 |   4386 |   7 |  900.3 |
        Temple |     73 |     45 |     28 |      0 |      0 |   1 |   73.0 |
               +--------+--------+--------+--------+--------+-----+--------+

Top non-repeatable levels by time:
     D:4: 1377 daAuts
     D:2: 1091 daAuts
     D:1: 1084 daAuts
     D:6: 846 daAuts
     D:5: 824 daAuts
     D:3: 764 daAuts
     D:7: 312 daAuts
  Temple: 73 daAuts
